[Event "Titled Tuesday Blitz November 08 Early 2022"]
[White "Zaichenko, Daria"]
[Black "Kirillov, Dmitry"]
[WhiteFideId "4197453"]
[BlackFideId "34180572"]
[WhiteElo "2039"]
[BlackElo "2095"]
[Result "0-1"]
[Round "07"]
[TimeControl "180+1"]
[Date "2022.11.09"]
[WhiteClock "0:00:05"]
[BlackClock "0:00:04"]

1. e4 c6 2. d4 d5 3. Nc3 dxe4 4. Nxe4 Nf6 5. Nxf6+ exf6 6. c3 Bd6 7. Bd3 O-O 8. Qc2 Re8+ 9. Be3 h6 10. O-O-O Nd7 11. Kb1 Nf8 12. h4 b5 13. Ne2 Bg4 14. Rdg1 a5 15. Nf4 Qc7 16. g3 a4 17. a3 Ne6 18. Nxe6 Rxe6 19. Bf5 Bxf5 20. Qxf5 Rae8 21. g4 Kf8 22. g5 g6 23. gxh6 gxf5 24. h7 Ke7 25. Rg8 Qc8 26. Rhg1 f4 27. Rxe8+ Qxe8 28. Rg8 Qd7 29. h8=Q fxe3 30. Rc8 Re4 31. Qf8+ Ke6 32. Qh8 e2 33. Re8+ Be7 34. Qf8 e1=Q+ 35. Ka2 Qd5+ 36. c4 Qxc4+ 37. b3 Qxb3# 0-1


[Site "https://www.chess.com"]

[Event "Titled Tuesday Blitz November 08 Early 2022"]
[White "Zainullina, Nataliya"]
[Black "Fernandez Hernandez, Gerardo"]
[WhiteFideId "4145488"]
[BlackFideId "2207400"]
[WhiteElo "2078"]
[BlackElo "2232"]
[Result "1-0"]
[Round "07"]
[TimeControl "180+1"]
[Date "2022.11.09"]
[WhiteClock "0:00:03"]
[BlackClock "0:00:01"]

1. Nf3 Nf6 2. c4 g6 3. b4 Bg7 4. Bb2 O-O 5. e3 d6 6. d4 Nbd7 7. Be2 e5 8. dxe5 Ng4 9. O-O Ngxe5 10. Nxe5 Nxe5 11. Qb3 Be6 12. Nc3 c6 13. Rfd1 b5 14. Ne4 bxc4 15. Qc2 d5 16. Nc5 Bf5 17. e4 Be6 18. exd5 Bxd5 19. Rac1 Qg5 20. Bf1 Rad8 21. Kh1 Ng4 22. h3 Qh4 23. Kg1 Ne5 24. Bd4 Qg5 25. Be3 Qe7 26. Kh1 a5 27. bxa5 f5 28. Bd4 Qh4 29. a6 Qxh3+ 30. Kg1 Qh4 31. Qc3 Qe7 32. Qg3 Ng4 33. Bxg7 Kxg7 34. Re1 Qxc5 35. Qc7+ Kg8 36. Re7 Qd4 37. Rxh7 Qxf2+ 38. Kh1 Qd4 39. Rd1 Qf6 40. Bxc4 Rf7 41. Bxd5 cxd5 42. Rxf7 Qxf7 43. Qxd8+ Kg7 44. Qh4 Qe6 45. Qg3 1-0


[Site "https://www.chess.com"]

[Event "Titled Tuesday Blitz November 08 Early 2022"]
[White "Zaksaite, Salomeja"]
[Black "Sernecki, Franciszek"]
[WhiteFideId "12801496"]
[BlackFideId "1169297"]
[WhiteElo "2079"]
[BlackElo "2210"]
[Result "0-1"]
[Round "07"]
[TimeControl "180+1"]
[Date "2022.11.09"]
[WhiteClock "0:00:01"]
[BlackClock "0:01:04"]

1. e4 c5 2. Nf3 e6 3. g3 g6 4. d4 Bg7 5. Bg2 cxd4 6. Nxd4 Nc6 7. Nb5 d5 8. exd5 exd5 9. Qxd5 Qe7+ 10. Qe4 Be6 11. O-O a6 12. N5c3 Nf6 13. Qh4 h6 14. Nd2 g5 15. Qa4 O-O 16. Nde4 b5 17. Nxf6+ Bxf6 18. Qe4 Nd4 19. Be3 Rad8 20. Rad1 b4 21. Na4 Ne2+ 22. Kh1 Rxd1 23. Rxd1 Re8 24. Bc5 Nxg3+ 25. hxg3 Qc7 26. Qc6 Qb8 27. Nb6 Bxb2 28. Nd7 Qc8 29. Qxc8 Rxc8 30. Bxb4 Bxa2 31. Nc5 a5 32. Bxa5 Rxc5 0-1


[Site "https://www.chess.com"]

[Event "Titled Tuesday Blitz November 08 Early 2022"]
[White "Adnan, Habib"]
[Black "Jegorovas, Aleksandras"]
[WhiteFideId "11202270"]
[BlackFideId "12801950"]
[WhiteElo "2110"]
[BlackElo "2247"]
[Result "0-1"]
[Round "08"]
[TimeControl "180+1"]
[Date "2022.11.09"]
[WhiteClock "0:00:03"]
[BlackClock "0:00:19"]

1. d4 Nf6 2. c4 e6 3. g3 d5 4. Bg2 Be7 5. Nf3 O-O 6. O-O dxc4 7. Qc2 b6 8. Ne5 Qxd4 9. Bxa8 Qxe5 10. Bf3 Ba6 11. Nc3 b5 12. a3 Nd5 13. Nxd5 exd5 14. Bf4 Qe6 15. Bxc7 Nc6 16. Rfd1 d4 17. Qe4 Qxe4 18. Bxe4 Rc8 19. Bf4 Bf6 20. g4 g5 21. Bg3 Kg7 22. f4 h6 23. Kf2 Na5 24. Rac1 Nb3 25. Rc2 Re8 26. Bf5 Bb7 27. fxg5 Bxg5 28. e4 dxe3+ 29. Ke2 Bf6 30. Rd7 Nd4+ 31. Rxd4 Bxd4 32. Rc1 Be4 33. Bxe4 Rxe4 34. Rd1 Bxb2 35. Rd7 Bxa3 36. Rxa7 b4 37. Kf3 Re6 38. Rc7 b3 0-1


[Site "https://www.chess.com"]

[Event "Titled Tuesday Blitz November 08 Early 2022"]
[White "Al-Tarboush, Ward"]
[Black "Jaskolka, Tomasz"]
[WhiteFideId "7601450"]
[BlackFideId "1170791"]
[WhiteElo "2273"]
[BlackElo "2126"]
[Result "1-0"]
[Round "08"]
[TimeControl "180+1"]
[Date "2022.11.09"]
[WhiteClock "0:02:14"]
[BlackClock "0:01:40"]

1. e4 c5 2. Nf3 e6 3. d4 cxd4 4. Nxd4 Nc6 5. Nc3 Qc7 6. Be3 a6 7. Qd2 Nf6 8. O-O-O b5 9. Bf4 Qb6 10. Nxc6 dxc6 11. Kb1 Ra7 12. e5 Nd5 13. Bg3 Bc5 14. Ne4 O-O 15. Bd3 h6 16. Nxc5 Qxc5 17. f4 Qe3 18. Qxe3 Nxe3 19. Bf2 Nxd1 20. Bxa7 Nxb2 21. Kxb2 Bb7 22. Bc5 Rd8 23. Kc1 Rd5 24. Bf2 g6 25. Rd1 c5 26. Be2 c4 27. Rxd5 Bxd5 28. Bf3 1-0


[Site "https://www.chess.com"]

[Event "Titled Tuesday Blitz November 08 Early 2022"]
[White "Antonova, Nadezhda"]
[Black "Akylbekov, Nasyr"]
[WhiteFideId "14700182"]
[BlackFideId "13800353"]
[WhiteElo "1813"]
[BlackElo "2310"]
[Result "1-0"]
[Round "08"]
[TimeControl "180+1"]
[Date "2022.11.09"]
[WhiteClock "0:01:47"]
[BlackClock "0:00:18"]

1. Nf3 Nf6 2. b3 b6 3. g3 Bb7 4. Bg2 g6 5. Bb2 Bg7 6. O-O O-O 7. c4 d6 8. d4 Nbd7 9. Nc3 Re8 10. Re1 e5 11. dxe5 Nxe5 12. Nxe5 Rxe5 13. Bxb7 Rb8 14. Bg2 Qe7 15. Nd5 Nxd5 16. Bxd5 Rxd5 17. cxd5 Bxb2 18. Rb1 Bc3 19. Rf1 Re8 20. e3 a5 21. Qd3 Bb4 22. Rbc1 Bc5 23. Rc2 h5 24. h4 1-0


[Site "https://www.chess.com"]

[Event "Titled Tuesday Blitz November 08 Early 2022"]
[White "Aqib Javaid Butt"]
[Black "Fernandez Hernandez, Gerardo"]
[WhiteFideId "7801262"]
[BlackFideId "2207400"]
[WhiteElo "1659"]
[BlackElo "2221"]
[Result "0-1"]
[Round "08"]
[TimeControl "180+1"]
[Date "2022.11.09"]
[WhiteClock "0:01:13"]
[BlackClock "0:00:30"]

1. d4 Nf6 2. e3 g6 3. Nf3 Bg7 4. b4 O-O 5. Bb2 d5 6. c4 dxc4 7. Bxc4 Nbd7 8. O-O Nb6 9. Be2 Nbd5 10. Qb3 c6 11. Nbd2 Bf5 12. Rfc1 Ne4 13. Nxe4 Bxe4 14. Nd2 Nf6 15. Nxe4 Nxe4 16. Bf3 Nd2 17. Qd1 Nxf3+ 18. Qxf3 Rc8 19. Qe4 e6 20. a4 Qd5 21. Qxd5 cxd5 22. Kf1 a6 23. Ke2 Rfd8 24. Rc5 Bf8 25. Rxc8 Rxc8 26. Ba3 Rc2+ 27. Kf3 Rc4 28. b5 Rxa4 29. bxa6 bxa6 30. Bb2 Rxa1 31. Bxa1 Bb4 32. e4 Kf8 33. Kf4 f6 34. exd5 exd5 35. g4 Ke7 36. h4 Ke6 37. Ke3 f5 38. gxf5+ Kxf5 39. Kf3 a5 40. Bb2 a4 41. Ba1 a3 42. Kg3 Bd2 0-1


[Site "https://www.chess.com"]

[Event "Titled Tuesday Blitz November 08 Early 2022"]
[White "Artemiev, Vladislav"]
[Black "Ibarra Jerez, Jose Carlos"]
[WhiteFideId "24101605"]
[BlackFideId "2226332"]
[WhiteElo "2802"]
[BlackElo "2638"]
[Result "1-0"]
[Round "08"]
[TimeControl "180+1"]
[Date "2022.11.08"]
[WhiteClock "0:00:04"]
[BlackClock "0:00:03"]

1. Nf3 d6 2. d4 g6 3. e4 Nf6 4. Nc3 Bg7 5. Be3 Nc6 6. h3 a6 7. a4 O-O 8. Bc4 e6 9. O-O b6 10. Re1 Bb7 11. Bg5 h6 12. Bh4 g5 13. Bg3 Nh5 14. Bh2 Nf4 15. Bxf4 gxf4 16. Qd2 e5 17. Bd5 Rb8 18. dxe5 dxe5 19. Rad1 Qe7 20. g3 fxg3 21. fxg3 Rfd8 22. Qf2 Bf6 23. Rf1 Na5 24. Bxb7 Nxb7 25. Nd5 Qe6 26. Nd4 exd4 27. Nxf6+ Kg7 28. Nh5+ Kg8 29. Rxd4 Nc5 30. Rfd1 Rxd4 31. Qxd4 Qg6 32. Nf6+ Kf8 33. Qe5 Rc8 34. Kh2 Ne6 35. h4 b5 36. axb5 axb5 37. Rd7 Ra8 38. h5 Qg7 39. Rxc7 Rd8 40. Rc8 Ke7 41. Nd5+ Kd7 42. Rxd8+ Kxd8 43. Qxg7 Nxg7 44. g4 Ne6 45. Kg3 Kd7 46. Nf6+ Kd6 47. Ng8 Ng5 48. Nxh6 Nxe4+ 49. Kf4 Kd5 50. Nxf7 Nf6 51. Kf5 Nxg4 52. Kxg4 1-0


[Site "https://www.chess.com"]

[Event "Titled Tuesday Blitz November 08 Early 2022"]
[White "Averjanov, Alexey"]
[Black "Kowalczyk, Pawel"]
[WhiteFideId "14109867"]
[BlackFideId "1130641"]
[WhiteElo "2589"]
[BlackElo "2324"]
[Result "0-1"]
[Round "08"]
[TimeControl "180+1"]
[Date "2022.11.09"]
[WhiteClock "0:00:02"]
[BlackClock "0:00:18"]

1. d4 Nf6 2. c4 c5 3. d5 b5 4. Nf3 bxc4 5. Nc3 g6 6. e4 d6 7. Bxc4 Bg7 8. e5 dxe5 9. Nxe5 O-O 10. O-O Ne8 11. Nxf7 Rxf7 12. d6 e6 13. Ne4 Nc6 14. Nxc5 Nd4 15. Re1 Nxd6 16. Nxe6 Qf6 17. Be3 Bxe6 18. Bxd4 Qxd4 19. Bxe6 Qxf2+ 20. Kh1 Rd8 21. Rf1 Qxb2 22. Rb1 Qe5 23. Qb3 Rf8 24. Rbd1 Nf5 25. Rd7 Qf6 26. Bxf7+ Kh8 27. Re1 Qh4 28. Rdd1 Qf4 29. Be6 Nd4 30. Qc4 Be5 31. Rxe5 Qxe5 32. Bd5 Nf5 33. Qe4 Qf6 34. Bb3 h5 35. g3 Rd8 36. Rxd8+ Qxd8 37. Qe5+ Kh7 38. Bd5 Qb6 39. Qe6 Qf2 40. Qg8+ Kh6 41. Qh8+ Kg5 42. Qd8+ Kg4 43. Bg2 Qe1+ 44. Bf1 Qxf1# 0-1


[Site "https://www.chess.com"]

[Event "Titled Tuesday Blitz November 08 Early 2022"]
[White "Bagwe Gaurang"]
[Black "Andrews, Todd"]
[WhiteFideId "45039895"]
[BlackFideId "2012456"]
[WhiteElo "1847"]
[BlackElo "2433"]
[Result "0-1"]
[Round "08"]
[TimeControl "180+1"]
[Date "2022.11.09"]
[WhiteClock "0:02:51"]
[BlackClock "0:02:51"]

1. e4 e6 2. d4 d5 3. Nd2 Nc6 4. Ngf3 Nf6 5. e5 Nd7 6. c3 f6 7. exf6 Qxf6 8. Bd3 Bd6 9. Nf1 O-O 10. Bg5 Qf7 11. Ng3 e5 12. dxe5 Ndxe5 13. Nxe5 Qxf2# 0-1


[Site "https://www.chess.com"]

[Event "Titled Tuesday Blitz November 08 Early 2022"]
[White "Balkum, Alexander"]
[Black "Thiel, Thomas"]
[WhiteFideId "2005069"]
[BlackFideId "4615964"]
[WhiteElo "2337"]
[BlackElo "2214"]
[Result "1/2-1/2"]
[Round "08"]
[TimeControl "180+1"]
[Date "2022.11.09"]
[WhiteClock "0:00:19"]
[BlackClock "0:01:57"]

1. e4 d5 2. exd5 Nf6 3. d4 Nxd5 4. Nf3 g6 5. Be2 Bg7 6. O-O O-O 7. c4 Nb6 8. Nc3 Bg4 9. c5 Nd5 10. Qb3 Nxc3 11. bxc3 b6 12. h3 Be6 13. Bc4 Bxc4 14. Qxc4 Nd7 15. Ba3 bxc5 16. Bxc5 Nxc5 17. Qxc5 Qd6 18. Qc4 Rac8 19. Rab1 e6 20. Rb7 c5 21. Qa4 cxd4 22. cxd4 a6 23. Rfb1 Rc6 24. Ne5 Bxe5 25. dxe5 Qd5 26. Rd1 Qc5 27. Rbb1 Qc4 28. Qxc4 Rxc4 29. Rb6 Ra4 30. Rdd6 Rxa2 31. Rxa6 Rxa6 32. Rxa6 Rd8 33. Ra4 Rd5 34. f4 Kg7 35. Kh2 Rd2 36. h4 h5 37. Kh3 Rd3+ 38. g3 Rc3 39. Ra6 1/2-1/2


[Site "https://www.chess.com"]

[Event "Titled Tuesday Blitz November 08 Early 2022"]
[White "Belozerov, Andrei"]
[Black "Bodnaruk, Anastasia"]
[WhiteFideId "4120213"]
[BlackFideId "4181751"]
[WhiteElo "2360"]
[BlackElo "2319"]
[Result "1-0"]
[Round "08"]
[TimeControl "180+1"]
[Date "2022.11.09"]
[WhiteClock "0:00:07"]
[BlackClock "0:00:40"]

1. d4 Nf6 2. Nf3 g6 3. c4 Bg7 4. g3 O-O 5. Bg2 d6 6. O-O Nc6 7. Nc3 a6 8. Bf4 h6 9. Rc1 g5 10. Bd2 e5 11. d5 Nd4 12. e3 Nf5 13. Qc2 Qe7 14. h3 g4 15. hxg4 Nxg4 16. Bh3 h5 17. Nh2 Qg5 18. e4 Qg6 19. Bxg4 Nd4 20. Bxc8 Nxc2 21. Bf5 Qf6 22. Rxc2 Bh6 23. Nf3 Bxd2 24. Rxd2 Kg7 25. Kg2 b5 26. Rh1 bxc4 27. Rh4 Rh8 28. Nd1 Rab8 29. Ne3 Rb4 30. a3 Rb5 31. Nxc4 Qd8 32. b4 Qb8 33. Na5 Rxa5 34. bxa5 Qb3 35. Rh1 Qxa3 36. Rc2 Qxa5 37. Rhc1 Rb8 38. Rxc7 Rb3 39. Ng5 Qd2 40. Rxf7+ Kh6 41. Rf6+ Kg7 42. Rg6+ Kf8 43. Rc8+ Ke7 44. Rg7+ Kf6 45. Rg6+ Ke7 46. Rc7+ Kd8 47. Rd7+ Ke8 48. Rg8# 1-0


[Site "https://www.chess.com"]

[Event "Titled Tuesday Blitz November 08 Early 2022"]
[White "Besedes, Danilo"]
[Black "Koridze, Lile"]
[WhiteFideId "946796"]
[BlackFideId "13612514"]
[WhiteElo "2352"]
[BlackElo "2050"]
[Result "1-0"]
[Round "08"]
[TimeControl "180+1"]
[Date "2022.11.09"]
[WhiteClock "0:00:39"]
[BlackClock "0:00:22"]

1. Nf3 d5 2. b3 Nf6 3. Ba3 g6 4. e3 Bg7 5. Be2 O-O 6. O-O b6 7. d4 Bb7 8. c4 Nbd7 9. Nc3 Re8 10. Rc1 e5 11. cxd5 exd4 12. Nxd4 Nxd5 13. Nxd5 Bxd5 14. Nc6 Qg5 15. Bf3 Bxf3 16. Qxf3 Rac8 17. Rfd1 Ne5 18. Nxe5 Qxe5 19. Rd7 Qe6 20. Rcxc7 Rxc7 21. Rxc7 a5 22. g3 Be5 23. Rc6 Qd7 24. Kg2 b5 25. Bc5 Qd2 26. a4 bxa4 27. bxa4 Qa2 28. Qe4 f5 29. Qd3 Qxa4 30. Qd5+ Kg7 31. Qd7+ Kh6 32. Qxe8 Qe4+ 33. Kg1 Qb1+ 34. Kg2 Qe4+ 35. f3 Qc2+ 36. Kh3 Qf2 37. Qxe5 Qf1+ 38. Kh4 Qg2 39. Bf8# 1-0


[Site "https://www.chess.com"]

[Event "Titled Tuesday Blitz November 08 Early 2022"]
[White "Biastoch, Bennet"]
[Black "Kozak, Antoni"]
[WhiteFideId "12939889"]
[BlackFideId "21832030"]
[WhiteElo "2221"]
[BlackElo "2447"]
[Result "1-0"]
[Round "08"]
[TimeControl "180+1"]
[Date "2022.11.09"]
[WhiteClock "0:00:12"]
[BlackClock "0:00:03"]

1. e4 c6 2. Nc3 d5 3. Nf3 dxe4 4. Nxe4 Nf6 5. Qe2 Nxe4 6. Qxe4 Qd5 7. Qh4 Qe6+ 8. Be2 Qg4 9. Qg3 h5 10. Ne5 Qf5 11. Bd3 Qf6 12. b3 Bf5 13. Bb2 Bxd3 14. Qxd3 Qd6 15. Qf3 Qd5 16. Qe2 Nd7 17. Nxd7 Qxd7 18. O-O-O Rh6 19. h4 e6 20. Rh3 Rg6 21. Rd3 Qc7 22. Qxh5 Rxg2 23. Re1 Rg6 24. Be5 Qa5 25. Kb1 Rf6 26. Qh8 Rg6 27. Bc3 Qc7 28. h5 Rg2 29. h6 gxh6 30. Qh7 Qe7 31. Be5 Rd8 32. Qe4 Rxd3 33. Qxd3 Qd7 34. Qf3 Rg5 35. Bf4 Rf5 36. Qe4 Qd5 37. Qe3 Bc5 38. Qg3 h5 39. Be3 Bxe3 40. dxe3 Ke7 41. Qh4+ Rf6 42. e4 Qe5 43. f4 Qxf4 44. Qxh5 e5 45. Rd1 Qxe4 46. Qh3 Qf5 47. Qh8 Rg6 48. Qd8+ Ke6 49. Qd6# 1-0


[Site "https://www.chess.com"]

[Event "Titled Tuesday Blitz November 08 Early 2022"]
[White "Bilan, Danila"]
[Black "Hernandez Jimenez, Alexander Andres"]
[WhiteFideId "24161918"]
[BlackFideId "3900452"]
[WhiteElo "2173"]
[BlackElo "2098"]
[Result "1-0"]
[Round "08"]
[TimeControl "180+1"]
[Date "2022.11.09"]
[WhiteClock "0:00:19"]
[BlackClock "0:00:07"]

1. d4 Nf6 2. Nf3 e6 3. g3 d5 4. Bg2 c5 5. O-O Nc6 6. c4 dxc4 7. Qa4 Bd7 8. Qxc4 cxd4 9. Nxd4 Rc8 10. Nxc6 Bxc6 11. Bxc6+ Rxc6 12. Qa4 a6 13. Nc3 Bc5 14. Bg5 Qb6 15. Bxf6 gxf6 16. Ne4 Ke7 17. a3 Rhc8 18. b4 Bd4 19. Rad1 f5 20. Nd2 Rc2 21. Nf3 R2c4 22. e3 Bxe3 23. Qd7+ Kf6 24. fxe3 Qxe3+ 25. Kh1 Rc2 26. Qd4+ Qxd4 27. Nxd4 Ra2 28. Rd3 1-0


[Site "https://www.chess.com"]

[Event "Titled Tuesday Blitz November 08 Early 2022"]
[White "Bok, Benjamin"]
[Black "Shuvalov, Evgenij"]
[WhiteFideId "1017063"]
[BlackFideId "4187237"]
[WhiteElo "2658"]
[BlackElo "2049"]
[Result "1-0"]
[Round "08"]
[TimeControl "180+1"]
[Date "2022.11.09"]
[WhiteClock "0:00:15"]
[BlackClock "0:00:05"]

1. d4 Nf6 2. c4 g6 3. g3 c6 4. Nf3 Bg7 5. Bg2 d5 6. b3 O-O 7. Bb2 dxc4 8. bxc4 c5 9. O-O Qb6 10. Qb3 Ne4 11. e3 Nc6 12. Ne5 Nd6 13. Nxc6 bxc6 14. dxc5 Qxc5 15. Bxg7 Kxg7 16. Nd2 Be6 17. Qc3+ Kg8 18. Rac1 Rab8 19. Nb3 Qxc4 20. Qa1 Qb4 21. Nd4 Bd7 22. Nxc6 Bxc6 23. Rxc6 Rfc8 24. Qe5 Rxc6 25. Bxc6 Qb2 26. Qxe7 Nf5 27. Qxa7 Rd8 28. Bd5 Qf6 29. Bb3 Rd2 30. Rd1 Rb2 31. Bxf7+ Kg7 32. Bb3+ Kh6 33. e4 Nh4 34. Qe3+ g5 35. gxh4 1-0


[Site "https://www.chess.com"]

[Event "Titled Tuesday Blitz November 08 Early 2022"]
[White "Bon, Michael"]
[Black "Tasev, Dejan"]
[WhiteFideId "620696"]
[BlackFideId "936618"]
[WhiteElo "2338"]
[BlackElo "2256"]
[Result "0-1"]
[Round "08"]
[TimeControl "180+1"]
[Date "2022.11.09"]
[WhiteClock "0:00:07"]
[BlackClock "0:00:18"]

1. e4 c6 2. d4 d5 3. e5 Bf5 4. c4 e6 5. Nc3 Ne7 6. h3 Bg6 7. Nge2 dxc4 8. Nf4 Nd7 9. Bxc4 Nb6 10. Bb3 a5 11. O-O Ned5 12. Nxg6 hxg6 13. Ne4 Be7 14. a3 a4 15. Ba2 Ra5 16. Bd2 Rb5 17. Rb1 Kf8 18. Qe2 Kg8 19. Rfd1 Rh4 20. Be1 Rh5 21. Kh2 Bf8 22. g3 Be7 23. Kg2 Qc7 24. Rbc1 Qb8 25. f4 Nd7 26. Rc2 Qa7 27. Qf2 Qb6 28. Bc4 Rb3 29. Bxb3 Qxb3 30. Re2 Qxd1 31. Bc3 Qb3 32. g4 Rh7 33. f5 gxf5 34. gxf5 Nxc3 35. bxc3 Qd5 36. Kh2 exf5 37. Qxf5 Qe6 38. Qf3 Nf8 39. Rg2 Ng6 40. Nf2 b5 41. Ng4 Bxa3 42. Qg3 Be7 43. Rf2 Bh4 44. Qf3 Bxf2 45. Qxf2 Qxg4 0-1


[Site "https://www.chess.com"]

[Event "Titled Tuesday Blitz November 08 Early 2022"]
[White "Bongo Akanga Ndjila, Barthelemy"]
[Black "Hon, Eric"]
[WhiteFideId "10609431"]
[BlackFideId "2097117"]
[WhiteElo "1768"]
[BlackElo "1918"]
[Result "1-0"]
[Round "08"]
[TimeControl "180+1"]
[Date "2022.11.09"]
[WhiteClock "0:00:24"]
[BlackClock "0:00:05"]

1. d4 Nf6 2. c4 c6 3. Nc3 d5 4. Nf3 g6 5. Bg5 Bg7 6. e3 O-O 7. Rc1 a5 8. h3 Na6 9. a3 Be6 10. Qb3 dxc4 11. Bxc4 a4 12. Qa2 Bxc4 13. Qxc4 Qb6 14. Qa2 Qa5 15. O-O Rfd8 16. Rfd1 Rac8 17. Qc4 b5 18. Qa2 h6 19. Bf4 Nd5 20. Nxd5 cxd5 21. Rxc8 Rxc8 22. Qxd5 Qb6 23. Be5 Bf8 24. Nh4 Rc2 25. Qe4 Rxb2 26. d5 Ra2 27. d6 exd6 28. Bd4 Nc5 29. Qe8 Qb7 30. Nxg6 fxg6 31. Qxg6+ Bg7 32. Qxd6 Nb3 33. Bxg7 Qxg7 34. Qb8+ Kh7 35. Qxb5 Ra1 36. Rxa1 Qxa1+ 37. Kh2 Qxa3 38. Qf5+ Kg7 39. Qd7+ Kf6 40. Qc6+ Ke5 41. f4+ Kf5 42. g4# 1-0


[Site "https://www.chess.com"]

[Event "Titled Tuesday Blitz November 08 Early 2022"]
[White "Brown, Andrew"]
[Black "Aaditya Dhingra"]
[WhiteFideId "3206513"]
[BlackFideId "25678191"]
[WhiteElo "2245"]
[BlackElo "2054"]
[Result "0-1"]
[Round "08"]
[TimeControl "180+1"]
[Date "2022.11.09"]
[WhiteClock "0:00:01"]
[BlackClock "0:00:05"]

1. d4 Nf6 2. c4 g6 3. Nc3 d5 4. cxd5 Nxd5 5. e4 Nxc3 6. bxc3 Bg7 7. Bb5+ Bd7 8. Be2 c5 9. Nf3 Qa5 10. Bd2 Bg4 11. c4 Qa3 12. d5 Bxa1 13. Qxa1 f6 14. e5 Bxf3 15. Bxf3 Nd7 16. exf6 exf6 17. O-O O-O 18. d6 Qa6 19. Rb1 Rab8 20. Bd5+ Kg7 21. Bf4 Rfe8 22. h4 Re2 23. Re1 Rbe8 24. Rxe2 Rxe2 25. a3 Qa5 26. Kh2 Rxf2 27. Qc1 h5 28. Qd2 Rxd2 0-1


[Site "https://www.chess.com"]

[Event "Titled Tuesday Blitz November 08 Early 2022"]
[White "Buscar, Michael"]
[Black "Khaliun, Batnasan"]
[WhiteFideId "2603616"]
[BlackFideId "4906276"]
[WhiteElo "2010"]
[BlackElo "1752"]
[Result "1-0"]
[Round "08"]
[TimeControl "180+1"]
[Date "2022.11.09"]
[WhiteClock "0:01:35"]
[BlackClock "0:00:42"]

1. e4 c5 2. Nf3 d6 3. Bb5+ Nd7 4. O-O Nf6 5. Re1 e5 6. a4 a6 7. Bxd7+ Bxd7 8. c3 Bc6 9. d3 h6 10. Na3 Be7 11. Nc4 b5 12. axb5 axb5 13. Rxa8 Qxa8 14. Ne3 O-O 15. Nf5 Re8 16. N3h4 Bf8 17. Qf3 Qb7 18. Nxh6+ gxh6 19. Qxf6 Bg7 20. Qxd6 Re6 21. Qxc5 Kh7 22. Nf5 Rg6 23. Re3 Qc8 24. Rg3 Bf8 25. Qxe5 Bd7 26. Rxg6 fxg6 27. Ne3 Bg7 28. Qe7 b4 29. Nd5 bxc3 30. bxc3 Bc6 31. Nf6+ Kh8 32. Bxh6 1-0


[Site "https://www.chess.com"]

[Event "Titled Tuesday Blitz November 08 Early 2022"]
[White "Butolo, Alexandru-Mircea"]
[Black "Zaichenko, Daria"]
[WhiteFideId "1261649"]
[BlackFideId "4197453"]
[WhiteElo "1897"]
[BlackElo "2039"]
[Result "0-1"]
[Round "08"]
[TimeControl "180+1"]
[Date "2022.11.09"]
[WhiteClock "0:00:40"]
[BlackClock "0:01:33"]

1. d4 d5 2. Bf4 Bf5 3. e3 c6 4. c4 e6 5. Nc3 Qb6 6. Qc1 Nf6 7. Nf3 Nbd7 8. a3 a5 9. cxd5 exd5 10. Be2 Be7 11. O-O O-O 12. h3 h6 13. Ne5 Nxe5 14. dxe5 Nd7 15. Rd1 Nc5 16. b4 Nb3 17. Qb2 Nxa1 18. Na4 Qa7 19. e4 Bxe4 20. Be3 c5 21. bxc5 Nc2 22. c6 Nxe3 0-1


[Site "https://www.chess.com"]

[Event "Titled Tuesday Blitz November 08 Early 2022"]
[White "Cella, Glaucio Dalla Cortt"]
[Black "Hasangatin, Ramil"]
[WhiteFideId "2119455"]
[BlackFideId "4122160"]
[WhiteElo "2011"]
[BlackElo "2362"]
[Result "0-1"]
[Round "08"]
[TimeControl "180+1"]
[Date "2022.11.09"]
[WhiteClock "0:00:03"]
[BlackClock "0:00:45"]

1. e4 d5 2. exd5 Qxd5 3. d4 Qd6 4. c4 e5 5. dxe5 Qxd1+ 6. Kxd1 Nc6 7. Nf3 Bg4 8. Bf4 O-O-O+ 9. Nd2 Bb4 10. a3 Bxd2 11. Bxd2 Nxe5 12. Be2 Nxf3 13. Bxf3 Bxf3+ 14. gxf3 Ne7 15. Kc2 Nf5 16. Be3 Rhe8 17. Rhe1 Re6 18. f4 Re4 19. Kc3 g6 20. b3 Nd4 21. Kd3 f5 22. Kc3 c5 23. Rad1 b6 24. b4 Kc7 25. Rd2 Nc6 26. Rxd8 Nxd8 27. bxc5 bxc5 28. Rd1 Ne6 29. Rd5 Kc6 30. Re5 Rxe5 31. fxe5 g5 32. Bd2 g4 33. Bh6 Nd4 34. Be3 Nf3 35. Bf4 Nd4 36. Be3 Ne6 37. Bh6 a6 38. Kd3 Kd7 39. Ke3 Ke8 40. Bf4 Kf7 41. f3 Kg6 42. fxg4 fxg4 43. Bg3 Kf5 44. Kd3 h5 45. Bf2 Kxe5 46. Ke3 Kf5 47. Kd3 Kf4 48. Bg3+ Kf3 49. Be5 h4 50. Bf6 g3 0-1


[Site "https://www.chess.com"]

[Event "Titled Tuesday Blitz November 08 Early 2022"]
[White "Chernov, Mikhail"]
[Black "Martin, Lewis"]
[WhiteFideId "24143170"]
[BlackFideId "410551"]
[WhiteElo "2113"]
[BlackElo "2145"]
[Result "1-0"]
[Round "08"]
[TimeControl "180+1"]
[Date "2022.11.09"]
[WhiteClock "0:01:38"]
[BlackClock "0:01:54"]

1. e4 c5 2. Nf3 d6 3. d4 cxd4 4. Nxd4 Nf6 5. Nc3 a6 6. Bc4 e5 7. Nde2 b5 8. Bb3 Be7 9. O-O Bb7 10. Ng3 O-O 11. f4 exf4 12. Bxf4 Nbd7 13. Kh1 Ne5 14. Bxe5 dxe5 15. Nd5 Nxd5 16. exd5 g6 17. Ne4 Bd6 18. Nf6+ Kg7 19. Qg4 Qxf6 20. Rxf6 Kxf6 21. Qd7 1-0


[Site "https://www.chess.com"]

[Event "Titled Tuesday Blitz November 08 Early 2022"]
[White "Chigaev, Maksim"]
[Black "Samunenkov, Ihor"]
[WhiteFideId "4108116"]
[BlackFideId "14187086"]
[WhiteElo "2541"]
[BlackElo "2441"]
[Result "0-1"]
[Round "08"]
[TimeControl "180+1"]
[Date "2022.11.08"]
[WhiteClock "0:00:01"]
[BlackClock "0:00:01"]

1. Nf3 Nf6 2. c4 c5 3. Nc3 Nc6 4. g3 d5 5. cxd5 Nxd5 6. Bg2 g6 7. Qb3 Ndb4 8. a3 Be6 9. Qd1 Nd5 10. d3 Bg7 11. Bd2 h6 12. Rc1 b6 13. O-O Rc8 14. Qa4 Qd7 15. Rfd1 Nxc3 16. bxc3 O-O 17. c4 Bh3 18. Bc3 Bxc3 19. Rxc3 Rfd8 20. Rcc1 Nd4 21. Qxd7 Nxe2+ 22. Kf1 Bxg2+ 23. Kxe2 Rxd7 24. Ne1 Bc6 25. Ra1 Ba4 26. Rd2 Rcd8 27. f4 e5 28. fxe5 Re7 29. Nf3 Bc6 30. Re1 Rde8 31. Kf2 Bxf3 32. Kxf3 Rxe5 33. Rxe5 Rxe5 34. a4 h5 35. a5 Kg7 36. axb6 axb6 37. d4 cxd4 38. Rxd4 Re6 39. Rd5 Rc6 40. Rb5 Kf6 41. Ke3 Rxc4 42. Rxb6+ Kg5 43. Kf2 Rc2+ 44. Kg1 h4 45. gxh4+ Kxh4 46. Rf6 Rc7 47. Kg2 Kg5 48. Ra6 f5 49. Rb6 Rc2+ 50. Kg1 Kh5 51. Rf6 Rc5 52. Kg2 g5 53. h3 Rc2+ 54. Kf3 Rc3+ 55. Kg2 Rc5 56. Kg3 Rd5 57. Kg2 Rd2+ 58. Kf3 Rd3+ 59. Kg2 f4 60. Rf8 Rd2+ 61. Kf3 Rh2 62. Rh8+ Kg6 63. h4 Rh3+ 0-1


[Site "https://www.chess.com"]